[Event "Rodostosah GM 2019"]
[Site "Tekirdag"]
[Date "2019.02.10"]
[Round "1.1"]
[White "Gokerkan, Cem Kaan"]
[Black "Pikula, Dejan"]
[Result "1/2-1/2"]
[ECO "B12"]
[WhiteElo "2423"]
[BlackElo "2477"]
[Annotator "ChessBase"]
[PlyCount "206"]
[EventDate "2019.02.08"]
[EventType "schev"]
[EventCountry "TUR"]
[SourceTitle "playchess.com"]
[Source "ChessBase"]
[SourceQuality "1"]
[TimeControl "5400+30"]

1. e4 c6 2. d4 d5 3. e5 Bf5 4. Nd2 e6 5. Nb3 c5 6. dxc5 Bxc5 7. Nxc5 Qa5+ 8. c3 Qxc5 9. Nf3 Ne7 10. Be3 Qc7 11. Bb5+ Nd7 12. Qa4 a6 13. Qa3 Rc8 14. Bxd7+ Qxd7 15. O-O O-O 16. Bc5 Rfe8 17. Bxe7 Rxe7 18. Nd4 Bg6 19. Qb3 Rc5 20. Qb6 Qc7 21. Qxc7 Rexc7 22. a4 b6 23. f3 Kf8 24. Kf2 Ke7 25. Rfe1 Rc4 26. Ke3 Kd7 27. Re2 Rc8 28. Kd2 R8c7 29. Ra3 Rc8 30. Ra1 R8c7 31. Ra3 Rc8 32. Re1 R8c7 33. Rb3 Rb7 34. Ra3 Rbc7 35. Re2 Rc8 36. g4 h5 37. g5 R8c7 38. h4 Rc8 39. Rb3 Kc7 40. Ra3 Kb7 41. Ra1 R8c7 42. Ree1 Rxd4+ 43. cxd4 Rc2+ 44. Ke3 Rxb2 45. Ra3 a5 46. Rc1 Rb4 47. Rcc3 Bf5 48. Rcb3 Bc2 49. Rc3 Bxa4 50. Rc1 g6 51. Rac3 Rb3 52. Kd2 Rxc3 53. Kxc3 Bd7 54. Kb3 b5 55. Rc5 Kb6 56. f4 Bc6 57. Ka3 Bb7 58. Kb3 Bc6 59. Rc1 b4 60. Rc5 Bd7 61. Rc1 Bc6 62. Rc5 Bb5 63. Rc8 Be2 64. Rb8+ Ka7 65. Rf8 Bd1+ 66. Ka2 a4 67. Rxf7+ Kb6 68. f5 exf5 69. Rxf5 Be2 70. e6 Bc4+ 71. Ka1 Kc7 72. Rf8 Kd6 73. Rb8 Kxe6 74. Rxb4 Kf5 75. Rxa4 Kg4 76. Kb2 Kxh4 77. Kc3 Kxg5 78. Kd2 Kf4 79. Ra8 g5 80. Rf8+ Kg3 81. Rf5 Kg4 82. Rf8 h4 83. Ke3 Bb3 84. Kf2 Bc2 85. Kg2 Bf5 86. Kh2 Kf4 87. Rh8 Ke4 88. Rh5 Kf4 89. Rh6 Bd3 90. Rh8 Be4 91. Rh5 Bf3 92. Rh8 Ke3 93. Kh3 Kxd4 94. Rg8 g4+ 95. Kxh4 Ke3 96. Kg3 d4 97. Re8+ Kd2 98. Kf2 d3 99. Rc8 Bb7 100. Rc4 Bf3 101. Rc8 Be2 102. Rc7 Bd1 103. Rc4 Bf3 1/2-1/2

[Event "Rodostosah GM 2019"]
[Site "Tekirdag"]
[Date "2019.02.10"]
[Round "1.2"]
[White "Kamer, Kayra"]
[Black "Stankovic, Milos"]
[Result "0-1"]
[ECO "A20"]
[WhiteElo "2419"]
[BlackElo "2453"]
[Annotator "ChessBase"]
[PlyCount "56"]
[EventDate "2019.02.08"]
[EventType "schev"]
[EventCountry "TUR"]
[SourceTitle "playchess.com"]
[Source "ChessBase"]
[SourceQuality "1"]
[TimeControl "5400+30"]

1. c4 e5 2. a3 d6 3. e3 g6 4. b4 Bg7 5. Bb2 Ne7 6. d4 O-O 7. Nf3 Nd7 8. Be2 c5 9. dxc5 dxc5 10. Nc3 a5 11. b5 Nb6 12. Ne4 Qc7 13. Qd6 Qxd6 14. Nxd6 f6 15. O-O-O Rd8 16. Ne4 Bf5 17. Nxc5 Rdc8 18. Nxb7 Nxc4 19. Rd8+ Bf8 20. Bc3 Nxa3 21. Rxc8 Rxc8 22. Kb2 Nd5 23. Rc1 Nb1 24. Rxb1 Nxc3 25. Re1 Bb4 26. Bd1 a4 27. Nh4 Be6 28. Ka1 Nxb5 0-1

[Event "Rodostosah GM 2019"]
[Site "Tekirdag"]
[Date "2019.02.10"]
[Round "1.3"]
[White "Ozen, Deniz"]
[Black "Lajthajm, Borko"]
[Result "0-1"]
[ECO "A45"]
[WhiteElo "2410"]
[BlackElo "2431"]
[Annotator "NA"]
[PlyCount "164"]
[EventDate "2019.02.08"]
[EventType "schev"]
[EventCountry "TUR"]
[SourceTitle "playchess.com"]
[Source "ChessBase"]
[SourceQuality "1"]
[TimeControl "5400+30"]

1. d4 Nf6 2. Bf4 d6 3. Nc3 Nbd7 4. Nf3 c6 5. e4 Qa5 6. e5 Ne4 7. exd6 Nxc3 8. bxc3 exd6 9. Bd3 Be7 10. O-O Nf6 11. Re1 Qd8 12. Qe2 h6 13. Rab1 Nd5 14. Bd2 Nc7 15. c4 Kf8 16. h3 Bf6 17. Bf4 g6 18. c3 Kg7 19. Bh2 b6 20. Nd2 Re8 21. Qf3 Rxe1+ 22. Rxe1 d5 23. cxd5 cxd5 24. Bc4 Bf5 25. Bxc7 Qxc7 26. Bxd5 Rc8 27. Bb7 Rd8 28. Be4 Be6 29. Bb1 Bg5 30. Ne4 Bd5 31. Qd1 Bxe4 32. Bxe4 Qxc3 33. d5 Qa5 34. Re2 Rc8 35. Qd4+ Bf6 36. Qd2 Qa3 37. g3 Rc4 38. Kg2 Qc5 39. Bf3 b5 40. Qd3 a5 41. Rd2 b4 42. Qe2 Bg5 43. Rb2 a4 44. h4 Bf6 45. Rd2 b3 46. axb3 axb3 47. d6 b2 48. Rxb2 Bxb2 49. Qxb2+ Qd4 50. Qe2 Rb4 51. d7 Qxd7 52. Qe5+ Kg8 53. h5 Rb5 54. Qa1 Kh7 55. hxg6+ fxg6 56. Qa6 Rb2 57. Qf6 Qg7 58. Qe6 Rb8 59. Qe4 Rf8 60. Qd3 Qf6 61. Qe3 h5 62. Qe4 Kg7 63. Qe3 Rf7 64. Qe4 Re7 65. Qc4 Rd7 66. Qe4 Qd4 67. Qe6 Rf7 68. Qe2 h4 69. gxh4 Qxh4 70. Qe5+ Qf6 71. Qxf6+ Kxf6 72. Kg3 Rc7 73. Be4 Rc1 74. f3 Ke5 75. Bb7 g5 76. Ba8 Rg1+ 77. Kf2 Ra1 78. Be4 Kf4 79. Bd5 Rb1 80. Bc6 Rb2+ 81. Kg1 Kg3 82. Kf1 Rf2+ 0-1

[Event "Rodostosah GM 2019"]
[Site "Tekirdag"]
[Date "2019.02.10"]
[Round "1.5"]
[White "Ozenir, Ekin Baris"]
[Black "Annageldyev, Orazly"]
[Result "0-1"]
[ECO "D00"]
[WhiteElo "2262"]
[BlackElo "2377"]
[Annotator "NA"]
[PlyCount "104"]
[EventDate "2019.02.08"]
[EventType "schev"]
[EventCountry "TUR"]
[SourceTitle "playchess.com"]
[Source "ChessBase"]
[SourceQuality "1"]
[TimeControl "5400+30"]

1. d4 Nf6 2. Bg5 d5 3. Bxf6 exf6 4. e3 c6 5. Nd2 g6 6. c4 Bg7 7. Ne2 dxc4 8. Nxc4 O-O 9. Nf4 f5 10. h4 c5 11. dxc5 Na6 12. h5 Qxd1+ 13. Rxd1 Nxc5 14. hxg6 fxg6 15. Rc1 b6 16. Nd5 h6 17. b4 Ne4 18. f3 Ng3 19. Rg1 Nxf1 20. Rxf1 Bb7 21. Nc7 Rac8 22. Nb5 Bd5 23. Nbd6 b5 24. Nxc8 Rxc8 25. Kf2 Rxc4 26. Rcd1 Be6 27. a3 Kf7 28. Rd6 Rc2+ 29. Kg1 Rc7 30. Rfd1 Bb2 31. Ra6 Bc8 32. Rad6 Bxa3 33. Rb1 a5 34. Rb6 axb4 35. Rxb5 Be6 36. Rb6 Ba2 37. R1xb4 Bxb4 38. Rxb4 Bc4 39. Rb6 Ra7 40. Rb4 Ra1+ 41. Kf2 Ra2+ 42. Kg1 Be6 43. e4 f4 44. Rb7+ Kf6 45. Rb6 h5 46. Rd6 Ra1+ 47. Kf2 Ke5 48. Rd8 Bc4 49. Re8+ Kf6 50. g3 Ra2+ 51. Kg1 fxg3 52. Rc8 Be6 0-1

[Event "Rodostosah GM 2019"]
[Site "Tekirdag"]
[Date "2019.02.11"]
[Round "3.1"]
[White "Gokerkan, Cem Kaan"]
[Black "Lajthajm, Borko"]
[Result "0-1"]
[ECO "B27"]
[WhiteElo "2423"]
[BlackElo "2431"]
[Annotator "ChessBase"]
[PlyCount "194"]
[EventDate "2019.02.08"]
[EventType "schev"]
[EventCountry "TUR"]
[SourceTitle "playchess.com"]
[Source "ChessBase"]
[SourceQuality "1"]
[TimeControl "5400+30"]

1. e4 c5 2. Nf3 a6 3. c3 g6 4. d4 cxd4 5. cxd4 d5 6. exd5 Nf6 7. Nc3 Bg7 8. Qb3 Nbd7 9. Bg5 O-O 10. a4 h6 11. Bxf6 Nxf6 12. Bc4 Qd6 13. O-O b6 14. Ne5 Bb7 15. h3 Rad8 16. Rad1 Nxd5 17. Nxd5 Bxd5 18. Bxd5 Qxd5 19. Qxb6 Rd6 20. Qc7 Bxe5 21. dxe5 Qxe5 22. Rxd6 exd6 23. b4 Qd5 24. Qb6 Ra8 25. a5 Qd3 26. Re1 d5 27. Qf6 Qc4 28. Re7 d4 29. Rd7 d3 30. Qd4 Qb3 31. Qxd3 Qxb4 32. Qd5 Rf8 33. Rd6 Kh7 34. Rf6 Qe7 35. Qf3 Kg7 36. Rxa6 Rc8 37. Qe3 Qxe3 38. fxe3 Rc1+ 39. Kf2 Ra1 40. Kf3 h5 41. Ra8 Ra4 42. Ke2 Ra2+ 43. Kf3 Ra4 44. a6 h4 45. e4 Ra2 46. e5 g5 47. a7 Ra4 48. Ke3 Kh7 49. Kd3 Kg7 50. Kc3 Kh7 51. Kb3 Ra1 52. Kc4 Kg7 53. Kd5 Ra4 54. Kd6 Ra6+ 55. Kc5 Ra1 56. Kd5 Ra4 57. Kc5 Ra1 58. Kd4 Ra4+ 59. Kd5 Kh7 60. e6 fxe6+ 61. Kxe6 Kg7 62. Kf5 Ra2 63. Rb8 Rxa7 64. Rb2 Kh6 65. Rb6+ Kh5 66. Rb2 Ra4 67. Rb8 Rf4+ 68. Ke5 Rf2 69. Rh8+ Kg6 70. Rg8+ Kh6 71. Ke6 Rxg2 72. Kf5 Rf2+ 73. Ke4 Rf4+ 74. Ke3 Rf1 75. Ke4 Rf2 76. Ra8 Rh2 77. Ra3 Kh5 78. Rb3 Rg2 79. Ra3 Rg1 80. Rb3 Rf1 81. Ra3 Kg6 82. Ra6+ Rf6 83. Ra3 g4 84. hxg4 Kg5 85. Ra8 h3 86. Rg8+ Kh4 87. Rh8+ Kxg4 88. Rg8+ Kh4 89. Rh8+ Kg3 90. Rg8+ Kf2 91. Rh8 Rf3 92. Ra8 Kg2 93. Ra2+ Rf2 94. Ra8 h2 95. Rg8+ Kf1 96. Rh8 Kg1 97. Ke3 Rg2 0-1

[Event "Rodostosah GM 2019"]
[Site "Tekirdag"]
[Date "2019.02.12"]
[Round "4.5"]
[White "Lajthajm, Borko"]
[Black "Ozenir, Ekin Baris"]
[Result "0-1"]
[ECO "A17"]
[WhiteElo "2431"]
[BlackElo "2262"]
[Annotator "RC"]
[PlyCount "146"]
[EventDate "2019.02.08"]
[EventType "schev"]
[EventCountry "TUR"]
[SourceTitle "playchess.com"]
[Source "ChessBase"]
[SourceQuality "1"]
[TimeControl "5400+30"]

1. d4 Nf6 2. c4 e6 3. g3 d5 4. cxd5 exd5 5. Nc3 c6 6. Qc2 Bd6 7. Bg2 O-O 8. Bf4 Re8 9. Bxd6 Qxd6 10. Nf3 Na6 11. a3 Nc7 12. O-O Ne4 13. e3 Nxc3 14. Qxc3 Bf5 15. Nh4 Be4 16. f3 Bg6 17. Rfe1 Rad8 18. Rad1 Nb5 19. Qb3 Qc7 20. Rc1 Qa5 21. Qd1 Qb6 22. Bf1 Nd6 23. Qd2 Re7 24. b4 Rde8 25. a4 a6 26. Rc5 f5 27. Bd3 Bh5 28. Kf2 Rf8 29. b5 Ne4+ 30. Bxe4 fxe4 31. f4 axb5 32. axb5 g5 33. Ng2 h6 34. Rec1 Re6 35. Qc2 Be8 36. Kg1 Qd8 37. bxc6 Bxc6 38. Qe2 Qf6 39. h4 Qg7 40. Kh2 Ref6 41. Ra1 Rg6 42. Qf2 Qd7 43. Qe2 Qg7 44. Ra7 Kh8 45. Rc1 Rg8 46. f5 Rf6 47. Qg4 Qf7 48. Rf1 Bb5 49. Rh1 h5 50. Qd1 Rxf5 51. hxg5 Rf2 52. Rxb7 Qf3 53. Qxf3 exf3 54. Rxb5 Rxg2+ 55. Kh3 Rxg5 56. Kh4 Rg4+ 57. Kxh5 R4xg3 58. Rb8+ Kg7 59. Rb7+ Kf6 60. Rb6+ Kf5 61. Rh4 Rg5+ 62. Kh6 Rg6+ 63. Rxg6 Rxg6+ 64. Kh5 Rg5+ 65. Kh6 Rg4 66. Rh5+ Ke4 67. Re5+ Kd3 68. Kh5 Rg8 69. Rxd5 f2 70. Rf5 Kxe3 71. d5 Ke2 72. Re5+ Kf3 73. Rf5+ Kg2 0-1

[Event "Rodostosah GM 2019"]
[Site "Tekirdag"]
[Date "2019.02.13"]
[Round "5.4"]
[White "Can, Isik"]
[Black "Lajthajm, Borko"]
[Result "1/2-1/2"]
[ECO "C65"]
[WhiteElo "2382"]
[BlackElo "2431"]
[Annotator "ChessBase"]
[PlyCount "140"]
[EventDate "2019.02.08"]
[EventType "schev"]
[EventCountry "TUR"]
[SourceTitle "playchess.com"]
[Source "ChessBase"]
[SourceQuality "1"]
[TimeControl "5400+30"]

1. e4 e5 2. Nf3 Nc6 3. Bb5 d6 4. d4 Bd7 5. O-O Nf6 6. Re1 Be7 7. d5 Nb8 8. Bd3 O-O 9. c4 a5 10. Nc3 Na6 11. a3 b6 12. Rb1 Nc5 13. Bc2 a4 14. Be3 Qe8 15. h3 Ra5 16. g4 Qa8 17. Nd2 Ne8 18. f4 exf4 19. Bxf4 Bf6 20. Nf3 Bxc3 21. bxc3 f6 22. Nd4 Qd8 23. Qf3 g6 24. Re2 Ng7 25. h4 Qc8 26. Rg2 Qe8 27. h5 g5 28. h6 gxf4 29. hxg7 Rf7 30. Kf2 Rxg7 31. Rh1 Ra8 32. Rh5 Qe7 33. Qxf4 Rf8 34. Rg3 Rff7 35. Nf3 Rg6 36. Nh4 Rg5 37. Nf3 Kh8 38. Ke3 Rfg7 39. Nxg5 fxg5 40. Qf2 Be8 41. Rhh3 Bg6 42. Kd2 Nd7 43. Rf3 Ne5 44. Rf8+ Rg8 45. Qf6+ Qxf6 46. Rxf6 Kg7 47. Re6 Nxc4+ 48. Ke2 Rf8 49. Re7+ Rf7 50. Rxf7+ Kxf7 51. Bd3 Ne5 52. Rg3 Kg7 53. Ke3 Be8 54. Rg1 Bd7 55. Be2 h6 56. Kf2 Be8 57. Rb1 Bg6 58. Rb4 Be8 59. Ke3 Bd7 60. Kf2 Kf6 61. Kg3 Ke7 62. Rb1 Kf6 63. Rf1+ Kg7 64. Rb1 Kg6 65. Rb4 Kf6 66. Rb1 Bc8 67. Rh1 Kg7 68. Rb1 Bd7 69. Rb4 Kf6 70. Rb1 Kg7 1/2-1/2

[Event "Rodostosah GM 2019"]
[Site "Tekirdag"]
[Date "2019.02.13"]
[Round "5.5"]
[White "Ozenir, Ekin Baris"]
[Black "Bajarani, Ulvi"]
[Result "0-1"]
[ECO "D11"]
[WhiteElo "2262"]
[BlackElo "2420"]
[Annotator "ChessBase"]
[PlyCount "134"]
[EventDate "2019.02.08"]
[EventType "schev"]
[EventCountry "TUR"]
[SourceTitle "playchess.com"]
[Source "ChessBase"]
[SourceQuality "1"]
[TimeControl "5400+30"]

1. d4 d5 2. c4 c6 3. Nf3 Nf6 4. Nbd2 Bf5 5. g3 h6 6. Bg2 e6 7. O-O Nbd7 8. b3 Be7 9. Bb2 O-O 10. Ne5 Nxe5 11. dxe5 Nd7 12. cxd5 exd5 13. e4 dxe4 14. Nxe4 Nc5 15. Nd6 Bxd6 16. exd6 Nd3 17. Qf3 Bg6 18. Ba3 Qa5 19. Bc1 Rad8 20. Bf4 Rfe8 21. b4 Qa4 22. Rad1 Qc2 23. Bh3 Qe2 24. Qxe2 Rxe2 25. d7 Nxf4 26. gxf4 Kf8 27. a4 Bc2 28. Rd4 g6 29. b5 c5 30. Rd5 b6 31. a5 Ke7 32. axb6 axb6 33. Ra1 Bb3 34. Re5+ Rxe5 35. fxe5 Be6 36. Bg2 Bxd7 37. Ra7 Kf8 38. Bf1 Be6 39. Kg2 Rc8 40. Ra1 c4 41. f4 Rc5 42. Rb1 Bd7 43. Rc1 Bxb5 44. Kf2 Ba6 45. Ke3 b5 46. Kd4 Rc7 47. Kc3 Bc8 48. Rb1 Bd7 49. Ra1 Ke7 50. Ra8 g5 51. fxg5 hxg5 52. Rg8 b4+ 53. Kxb4 c3 54. Bd3 c2 55. Bxc2 Rxc2 56. Rxg5 Rxh2 57. Kc5 Ke6 58. Kd4 Rh4+ 59. Kd3 Bc6 60. Ke3 Re4+ 61. Kf2 Rxe5 62. Rg8 Kf5 63. Rc8 Bd5 64. Rb8 Kf4 65. Rb4+ Re4 66. Rb5 Rd4 67. Rb2 Ra4 0-1

[Event "Rodostosah GM 2019"]
[Site "Tekirdag"]
[Date "2019.02.13"]
[Round "6.2"]
[White "Stankovic, Milos"]
[Black "Kamer, Kayra"]
[Result "1-0"]
[ECO "B31"]
[WhiteElo "2453"]
[BlackElo "2419"]
[Annotator "ChessBase"]
[PlyCount "137"]
[EventDate "2019.02.08"]
[EventType "schev"]
[EventCountry "TUR"]
[SourceTitle "playchess.com"]
[Source "ChessBase"]
[SourceQuality "1"]
[TimeControl "5400+30"]

1. e4 c5 2. Nf3 Nc6 3. Bb5 g6 4. Bxc6 dxc6 5. d3 Bg7 6. h3 Nf6 7. O-O h6 8. Nc3 O-O 9. Be3 b6 10. a4 a5 11. Re1 Kh7 12. d4 cxd4 13. Qxd4 Nd5 14. e5 Nb4 15. Qxd8 Rxd8 16. Bxb6 Rd7 17. Rac1 Rb7 18. Bc5 Bf5 19. Nd4 Bxc2 20. Nxc2 Nd3 21. Ba3 Nxc1 22. Rxc1 Bxe5 23. Ne3 Bd6 24. Nc4 Bxa3 25. bxa3 Rb3 26. Ne4 Rab8 27. Rc2 Rb1+ 28. Kh2 Ra1 29. Nc5 Rbb1 30. Nxa5 h5 31. h4 Rh1+ 32. Kg3 Rxa3+ 33. f3 g5 34. hxg5 h4+ 35. Kf4 Rh2 36. Nc4 Ra1 37. Ne3 h3 38. Kg3 hxg2 39. Nxg2 Rhh1 40. Re2 Rhg1 41. Nd3 Rxa4 42. Rxe7 Kg6 43. Re5 f6 44. gxf6 Kxf6 45. Rc5 Ra6 46. Nf2 Ke7 47. Nh3 Rb1 48. Ne3 Rb5 49. Rc4 Rab6 50. Nf4 Kf7 51. Re4 Rg5+ 52. Ng4 Rb3 53. Ne6 Rg6 54. Nc5 Rc3 55. Nd7 Re6 56. Nde5+ Ke7 57. Rd4 Rd6 58. Ra4 Rd1 59. Kf4 Rd5 60. Re4 Kd6 61. Ne3 Rb5 62. Nf5+ Kc7 63. Nd4 Rb8 64. Ne6+ Kd6 65. Kf5 c5 66. f4 Rb1 67. Ra4 Rh3 68. Ng5 Rhh1 69. Ra7 1-0

[Event "Rodostosah GM 2019"]
[Site "Tekirdag"]
[Date "2019.02.13"]
[Round "6.3"]
[White "Lajthajm, Borko"]
[Black "Ozen, Deniz"]
[Result "1/2-1/2"]
[ECO "C07"]
[WhiteElo "2431"]
[BlackElo "2410"]
[Annotator "RC"]
[PlyCount "90"]
[EventDate "2019.02.08"]
[EventType "schev"]
[EventCountry "TUR"]
[SourceTitle "playchess.com"]
[Source "ChessBase"]
[SourceQuality "1"]
[TimeControl "5400+30"]

1. e4 e6 2. d4 d5 3. Nd2 c5 4. exd5 Qxd5 5. dxc5 Bxc5 6. Ngf3 Nf6 7. Bc4 Qc6 8. Qe2 O-O 9. O-O a6 10. Ne5 Qc7 11. Ndf3 b5 12. Bd3 Bb7 13. Bf4 Bd6 14. Rad1 Nc6 15. Bg3 Rad8 16. c3 Nxe5 17. Nxe5 Bd5 18. Bb1 Qb7 19. f3 Qc7 20. Rfe1 Nd7 21. f4 Nxe5 22. fxe5 Bc5+ 23. Bf2 Bb7 24. Rd3 Bxf2+ 25. Qxf2 Rxd3 26. Bxd3 Rd8 27. Bc2 Rd5 28. Qe3 g6 29. Re2 a5 30. Bb3 Rd8 31. a3 Bd5 32. Bxd5 Rxd5 33. h3 h5 34. Kf2 Qd8 35. Qf4 Rd1 36. Kg3 Rd5 37. Rf2 Qc7 38. Re2 Qd8 39. Rf2 Qc7 40. Re2 Rc5 41. Re4 Rd5 42. Qf6 Rd7 43. Rf4 Rd5 44. Re4 Rd7 45. Rf4 Rd5 1/2-1/2

[Event "Rodostosah GM 2019"]
[Site "Tekirdag"]
[Date "2019.02.13"]
[Round "6.5"]
[White "Annageldyev, Orazly"]
[Black "Ozenir, Ekin Baris"]
[Result "0-1"]
[ECO "A47"]
[WhiteElo "2377"]
[BlackElo "2262"]
[Annotator "NA"]
[PlyCount "94"]
[EventDate "2019.02.08"]
[EventType "schev"]
[EventCountry "TUR"]
[SourceTitle "playchess.com"]
[Source "ChessBase"]
[SourceQuality "1"]
[TimeControl "5400+30"]

1. d4 Nf6 2. Bf4 b6 3. e3 Bb7 4. Nf3 d6 {LiveBook: 18 Games} 5. Bc4 g6 6. a4 a6 7. Nc3 Bg7 8. h4 e6 9. Qe2 Qe7 10. e4 Nc6 11. e5 dxe5 12. dxe5 Nd7 13. h5 Qb4 14. h6 $1 Bxe5 $1 ({Of course not} 14... Qxb2 $6 15. hxg7 Qxc3+ 16. Qd2 $16) 15. Nxe5 Qxb2 16. O-O Qxc3 17. Nxd7 Kxd7 18. Rad1+ Kc8 19. a5 (19. Bg3 $1 $11) 19... Qxa5 20. Bxe6+ fxe6 21. Qxe6+ Kb8 22. Rd7 Rc8 23. Rxh7 Nd4 24. Qe3 Qd5 25. f3 Ne6 26. Be5 {[#]} Ka7 $17 27. Kh1 Qc5 28. Qe1 Re8 29. Qg3 Nf8 30. Bd4 Qxd4 31. Rxc7 Qe5 32. Qxe5 Rxe5 33. g4 Ne6 34. Re7 Rh8 35. h7 Rc5 36. Rxe6 Rxh7+ 37. Kg2 Rxc2+ 38. Kg3 g5 39. Rg6 Rc5 40. Rb1 b5 41. Rb3 Rf7 42. Kf2 a5 43. Ra3 b4 44. Rd3 Rb5 45. Re6 b3 46. Re1 b2 47. Rb1 Be4 0-1

[Event "Rodostosah GM 2019"]
[Site "Tekirdag"]
[Date "2019.02.14"]
[Round "7.3"]
[White "Ozen, Deniz"]
[Black "Bajarani, Ulvi"]
[Result "0-1"]
[ECO "C01"]
[WhiteElo "2410"]
[BlackElo "2420"]
[Annotator "RC"]
[PlyCount "100"]
[EventDate "2019.02.08"]
[EventType "schev"]
[EventCountry "TUR"]
[SourceTitle "playchess.com"]
[Source "ChessBase"]
[SourceQuality "1"]
[TimeControl "5400+30"]

1. e4 e6 2. d4 d5 3. exd5 exd5 4. Nf3 Bd6 5. c4 Nf6 6. c5 Be7 7. Bd3 O-O 8. O-O b6 9. cxb6 axb6 10. Nc3 c6 11. h3 Ba6 12. Re1 Bxd3 13. Qxd3 Nbd7 14. Bf4 Re8 15. Rac1 Rc8 16. Bh2 Nf8 17. Qa6 Ne6 18. Qb7 Bb4 19. Red1 Re7 20. Qa6 Bxc3 21. Rxc3 Ra8 22. Qd3 c5 23. dxc5 bxc5 24. a3 Rb7 25. Rc2 d4 26. Qc4 Nd5 27. Bg3 Nb6 28. Qb5 Qd5 29. b4 Na4 30. Qd3 c4 31. Qxc4 Qxc4 32. Rxc4 Nb2 33. Rdxd4 Nxd4 34. Rxd4 f6 35. Nd2 Rxa3 36. Nc4 Rd3 37. Re4 Rxb4 38. Re8+ Kf7 39. Nd6+ Kg6 40. Kh2 Rbd4 41. Re6 Na4 42. Nb5 Rb4 43. Nc7 Nc5 44. Re1 Kf7 45. Ra1 Ne4 46. f3 Nxg3 47. Kxg3 Rb2 48. Na6 Rdd2 49. Rg1 Rdc2 50. Kh2 Rb6 0-1

[Event "Rodostosah GM 2019"]
[Site "Tekirdag"]
[Date "2019.02.15"]
[Round "8.1"]
[White "Lajthajm, Borko"]
[Black "Gokerkan, Cem Kaan"]
[Result "0-1"]
[ECO "E74"]
[WhiteElo "2431"]
[BlackElo "2423"]
[Annotator "NA"]
[PlyCount "104"]
[EventDate "2019.02.08"]
[EventType "schev"]
[EventCountry "TUR"]
[SourceTitle "playchess.com"]
[Source "ChessBase"]
[SourceQuality "1"]
[TimeControl "5400+30"]

1. d4 Nf6 2. c4 g6 3. Nc3 Bg7 4. e4 d6 5. Be2 O-O 6. Bg5 c5 7. d5 h6 8. Be3 e6 9. Qd2 exd5 10. exd5 Kh7 11. h3 Re8 12. Bd3 b5 13. cxb5 Nbd7 14. Rd1 Ne5 15. Be2 a6 16. Nf3 Nxf3+ 17. gxf3 axb5 18. Bxb5 Ba6 19. Bxe8 Qxe8 20. Qc2 Qe5 21. Rd2 Re8 22. Qa4 Bb7 23. f4 Qf5 24. Kf1 Nxd5 25. Nxd5 Bxd5 26. Rxd5 Qxd5 27. Qxe8 Qxh1+ 28. Ke2 Qd5 29. a4 Qc4+ 30. Kf3 d5 31. Qb5 Qe4+ 32. Kg3 d4 33. Qc4 Qh1 34. Qc1 Qc6 35. Bd2 Qxa4 36. Qxc5 Qb3+ 37. Kg2 Qxb2 38. Ba5 Qb7+ 39. Kg3 Qe4 40. Qc4 f5 41. Bd2 h5 42. Qc1 h4+ 43. Kh2 Qf3 44. Qe1 Bf8 45. Bc1 Bd6 46. Qd2 d3 47. Qa2 Kh6 48. Qb2 Bxf4+ 49. Kg1 Qd1+ 50. Kg2 Bxc1 51. Qh8+ Kg5 52. Qd8+ Kh5 0-1

[Event "Rodostosah GM 2019"]
[Site "Tekirdag"]
[Date "2019.02.15"]
[Round "8.2"]
[White "Bajarani, Ulvi"]
[Black "Kamer, Kayra"]
[Result "1/2-1/2"]
[ECO "E15"]
[WhiteElo "2420"]
[BlackElo "2419"]
[Annotator "NA"]
[PlyCount "124"]
[EventDate "2019.02.08"]
[EventType "schev"]
[EventCountry "TUR"]
[SourceTitle "playchess.com"]
[Source "ChessBase"]
[SourceQuality "1"]
[TimeControl "5400+30"]

1. d4 Nf6 2. c4 e6 3. Nf3 b6 4. g3 Ba6 5. Qa4 c6 6. Nc3 Be7 7. e4 O-O 8. e5 Ne8 9. Be2 d5 10. cxd5 Bxe2 11. Kxe2 exd5 12. Be3 Nc7 13. Nd2 f6 14. f4 fxe5 15. fxe5 Qe8 16. Raf1 Qh5+ 17. Ke1 Rxf1+ 18. Nxf1 Ne6 19. Nd2 b5 20. Qd1 Qh3 21. Qe2 Nd7 22. Nd1 c5 23. Nf2 Qf5 24. Qd3 Qxd3 25. Nxd3 cxd4 26. Bf2 Nec5 27. Nxc5 Bxc5 28. Nb3 Bb4+ 29. Ke2 Nxe5 30. Bxd4 Nc4 31. Nc1 a5 32. b3 Nd6 33. Nd3 Re8+ 34. Kf3 Rf8+ 35. Ke2 Nf5 36. Be5 Re8 37. Kf3 Bd6 38. Bxd6 Nxd6 39. Nf4 d4 40. Rd1 Re4 41. h4 Re3+ 42. Kg4 g6 43. Nd5 Nf5 44. Kf4 Re2 45. Nf6+ Kg7 46. Ne4 Rxa2 47. g4 Nxh4 48. Rxd4 g5+ 49. Nxg5 Ng6+ 50. Kg3 Ra3 51. Rd7+ Kf6 52. Ne4+ Ke5 53. Nc5 a4 54. Rd3 axb3 55. Nxb3 b4 56. Kf3 Ne7 57. Re3+ Kd6 58. Ke4 Nc6 59. Rh3 Ne5 60. Rh6+ Ng6 61. Nd4 Ra5 62. Rxh7 Re5+ 1/2-1/2

[Event "Rodostosah GM 2019"]
[Site "Tekirdag"]
[Date "2019.02.15"]
[Round "8.3"]
[White "Annageldyev, Orazly"]
[Black "Ozen, Deniz"]
[Result "1/2-1/2"]
[ECO "C07"]
[WhiteElo "2377"]
[BlackElo "2410"]
[Annotator "NA"]
[PlyCount "114"]
[EventDate "2019.02.08"]
[EventType "schev"]
[EventCountry "TUR"]
[SourceTitle "playchess.com"]
[Source "ChessBase"]
[SourceQuality "1"]
[TimeControl "5400+30"]

1. e4 e6 2. d4 d5 3. Nd2 c5 4. exd5 Qxd5 5. dxc5 Bxc5 6. Ngf3 Nf6 7. Bc4 Qc6 8. O-O O-O 9. Qe2 a6 10. Rd1 b5 11. Bd3 Bb7 12. a4 bxa4 13. Nc4 Qc7 14. Nfe5 Nc6 15. h3 Nxe5 16. Nxe5 a3 17. bxa3 Bd4 18. Bf4 Bxa1 19. Rxa1 Rfe8 20. Bg3 Qc5 21. c4 Rad8 22. Rb1 Ba8 23. Bh4 Qd4 24. g3 Rb8 25. Rd1 Rb2 26. Qe1 Ne4 27. Ng4 f5 28. Bxe4 Qxe4 29. Qxe4 Bxe4 30. Ne5 h6 31. Bd8 Rb1 32. Rxb1 Bxb1 33. Bb6 Rc8 34. c5 Be4 35. f4 g5 36. Kf2 gxf4 37. gxf4 Kf8 38. Ke3 Ke7 39. Kd4 Rg8 40. c6 Kd6 41. c7 Bb7 42. a4 Rg3 43. h4 Rh3 44. Nf7+ Kc6 45. a5 Bc8 46. Ke5 Rxh4 47. Nd8+ Kd7 48. Nxe6 Rh1 49. Nd4 h5 50. Kxf5 h4 51. Kg4 h3 52. Kg3 Kd6 53. f5 Ke5 54. Nc6+ Kf6 55. Na7 Bxf5 56. c8=Q Bxc8 57. Nxc8 h2 1/2-1/2

[Event "Rodostosah GM 2019"]
[Site "Tekirdag"]
[Date "2019.02.15"]
[Round "8.4"]
[White "Pikula, Dejan"]
[Black "Can, Isik"]
[Result "1-0"]
[ECO "B10"]
[WhiteElo "2477"]
[BlackElo "2382"]
[Annotator "RC"]
[PlyCount "103"]
[EventDate "2019.02.08"]
[EventType "schev"]
[EventCountry "TUR"]
[SourceTitle "playchess.com"]
[Source "ChessBase"]
[SourceQuality "1"]
[TimeControl "5400+30"]

1. e4 c6 2. d3 d5 3. Nd2 e5 4. Ngf3 Bd6 5. Be2 Nf6 6. O-O O-O 7. Re1 Re8 8. Bf1 Nbd7 9. c3 a5 10. b3 a4 11. b4 b5 12. a3 Nb6 13. c4 Bc7 14. cxd5 cxd5 15. exd5 Nbxd5 16. Bb2 Bg4 17. h3 Bh5 18. Ne4 Nf4 19. Ng3 Qd5 20. Nxh5 N4xh5 21. Rc1 Bd6 22. g3 Rac8 23. Rxc8 Rxc8 24. Bxe5 Bxe5 25. Nxe5 Qa2 26. Qa1 Qc2 27. Qd4 Qc3 28. Qxc3 Rxc3 29. d4 Rxa3 30. Bxb5 Rb3 31. Bc4 Rxb4 32. Bxf7+ Kf8 33. Bc4 a3 34. d5 Rb2 35. Ra1 Rd2 36. Rxa3 Nxd5 37. Ra7 Nhf6 38. Nd7+ Ke7 39. Nb6+ Kf8 40. Nxd5 Nxd5 41. Rd7 Rd1+ 42. Kh2 Nc3 43. Rf7+ Ke8 44. Rxg7 Rd2 45. Kg1 Ne4 46. Rf7 Rc2 47. Bd5 Rd2 48. Rf4 Ng5 49. Bg2 Ke7 50. h4 Ne6 51. Ra4 Kf6 52. Ra6 1-0

[Event "Rodostosah GM 2019"]
[Site "Tekirdag"]
[Date "2019.02.15"]
[Round "8.5"]
[White "Stankovic, Milos"]
[Black "Ozenir, Ekin Baris"]
[Result "1/2-1/2"]
[ECO "B08"]
[WhiteElo "2453"]
[BlackElo "2262"]
[Annotator "ChessBase"]
[PlyCount "74"]
[EventDate "2019.02.08"]
[EventType "schev"]
[EventCountry "TUR"]
[SourceTitle "playchess.com"]
[Source "ChessBase"]
[SourceQuality "1"]
[TimeControl "5400+30"]

1. e4 Nc6 2. Nf3 d6 3. d4 Nf6 4. Nc3 g6 5. Be2 Bg7 6. O-O O-O 7. Bf4 Bg4 8. d5 e5 9. dxc6 exf4 10. cxb7 Rb8 11. e5 Nd7 12. exd6 Rxb7 13. Rb1 cxd6 14. Qxd6 Qb8 15. Qxb8 Rfxb8 16. Na4 Bxb2 17. c3 Ba3 18. Rxb7 Rxb7 19. Ba6 Rb8 20. Bc4 Rc8 21. Bd5 Nf6 22. Bb3 Bd7 23. Re1 Bxa4 24. Bxa4 Rxc3 25. Bb3 Kg7 26. Nd4 Rd3 27. Ne2 g5 28. h4 h6 29. Rd1 Rxd1+ 30. Bxd1 Bc5 31. hxg5 hxg5 32. Nc3 Kg6 33. Bc2+ Kh6 34. Ne4 Nxe4 35. Bxe4 g4 36. Kf1 Kg5 37. Bd5 f6 1/2-1/2